 Dungeon Crawl Stone Soup version 0.19.5 (webtiles) character file.

428634 Vetiran the Impregnable (level 23, -16/152 HPs)
             Began as a Gargoyle Fighter on Apr 2, 2017.
             Was a High Priest of Okawaru.
             Killed from afar by a deep elf elementalist (38 damage)
             ... with a fireball
             ... on level 5 of the Vaults on Apr 5, 2017.
             The game lasted 05:30:46 (39206 turns).

Vetiran the Impregnable (Gargoyle Fighter)         Turns: 39206, Time: 05:30:46

Health: -16/152    AC: 61    Str: 23      XL:     23   Next: 86%
Magic:  31/31      EV:  7    Int:  9 (11) God:    Okawaru [*****.]
Gold:   4575       SH: 29    Dex: 16      Spells: 0 memorised, 22 levels left

rFire  . . .     SeeInvis +     a - +3 demon whip (pain)
rCold  . . .     Gourm    .     Y - +0 crystal plate armour
rNeg   + + .     Faith    .     T - +1 large shield {AC+3}
rPois  ∞         Spirit   .     (helmet restricted)
rElec  +         Reflect  +     c - +2 cloak of the Ward {+Blink Regen+ rCorr}
rCorr  +         Harm     .     Q - +2 pair of gloves
MR     ++...     Rnd*Tele +     m - +0 pair of boots
Stlth  ..........               H - +3 amulet of reflection
                                z - ring "Cosaujarr" {rN+ MR+ Str+4}
                                (no ring)

@: marked, contaminated, glowing
A: antennae 1, big wings, beak, iridescent scales 1, see invisible,
deterioration 1, high mp 1, negative energy resistance 1, electricity
resistance, teleportitis 1, weak 1, unbreathing, evolution 1, petrification
resistance, no device heal 1, rot immunity, AC +17
a: Fly, Heroism, Finesse, Renounce Religion, Evoke Blink
}: 2/15 runes: serpentine, barnacled


You were on level 5 of the Vaults.
You worshipped Okawaru.
Okawaru was extremely pleased with you.
You were very full.

You visited 8 branches of the dungeon, and saw 40 of its levels.
You visited the Abyss 1 time.
You visited 1 bazaar.
You also visited: Sewer and Ice Cave.

You collected 5282 gold pieces.
You spent 707 gold pieces at shops.

Inventory:

Hand Weapons
 a - a +3 demon whip of pain (weapon)
 k - the +2 hand crossbow "Wewesch" {freeze, rPois rC+ Str+3 Stlth-}
   (Okawaru gifted it to you on level 4 of the Shoals)

   It causes projectiles fired from it to freeze those they strike, causing
   extra injury to most foes and up to half again as much damage against
   particularly susceptible opponents.
   They can also slow down cold-blooded creatures.
   It affects your strength (+3).
   It protects you from cold.
   It protects you from poison.
   It makes you less stealthy.
Armour
 c - the +2 cloak of the Ward (worn) {+Blink Regen+ rCorr}
   (Okawaru gifted it to you on level 1 of the Snake Pit)

   It lets you blink.
   It increases your rate of regeneration.
   It protects you from acid and corrosion.
 d - the +4 chain mail of Lifi {+Blink MR+ Regen+ Str+6}
   (Okawaru gifted it to you on level 3 of the Elven Halls)

   It affects your strength (+6).
   It affects your resistance to hostile enchantments.
   It lets you blink.
   It increases your rate of regeneration.
 l - the +0 helmet "Miurphei" {rN+ MR+ Dex-3}
   (You acquired it on level 3 of the Elven Halls)

   It affects your dexterity (-3).
   It protects you from negative energy.
   It affects your resistance to hostile enchantments.
 m - a +0 pair of boots (worn)
 D - a +2 hat of see invisible
 P - a +1 plate armour of cold resistance
 Q - a +2 pair of gloves (worn)
 T - a +1 large shield of protection (worn)
 Y - a +0 crystal plate armour (worn)
 Z - a +0 cloak of cold resistance
Jewellery
 i - an uncursed ring of protection from magic
 o - an uncursed ring of protection from fire
 p - an uncursed ring of ice
 z - the ring "Cosaujarr" (right hand) {rN+ MR+ Str+4}
   (You took it off a deep elf annihilator on level 3 of the Elven Halls)

   [ring of positive energy]

   It affects your strength (+4).
   It protects you from negative energy.
   It affects your resistance to hostile enchantments.
 A - a +2 ring of protection
 H - a +3 amulet of reflection (around neck)
Wands
 h - a wand of iceblast (2/15)
 x - a wand of digging (7/24)
 C - a wand of slowing (27/48)
 F - a wand of teleportation (3/9)
 K - a wand of teleportation (4/9)
 L - a wand of lightning (5/15)
 S - a wand of confusion (22/48)
 U - a wand of iceblast (6/15)
 V - a wand of hasting (5/9)
Scrolls
 e - 2 scrolls of fog
 g - 3 scrolls of teleportation
 n - 2 scrolls of enchant weapon
 s - 15 scrolls of enchant armour
 u - 5 scrolls of fear
 w - 18 scrolls of remove curse
 y - a scroll of blinking
 B - a scroll of holy word
 G - 7 scrolls of immolation
 I - 6 scrolls of magic mapping
 O - a scroll of recharging
 R - 9 scrolls of identify
 X - a scroll of torment
Potions
 b - 5 potions of cancellation
 q - 2 potions of magic
 r - 5 potions of lignification
 M - 3 potions of ambrosia
 N - 3 potions of invisibility
 W - a potion of resistance
Comestibles
 f - 23 bread rations
 j - 4 meat rations
 J - 3 royal jellies


   Skills:
 + Level 17.8 Fighting
 + Level 16.6 Maces & Flails
 * Level 23.7 Armour
 * Level 23.5 Shields
 - Level 8.0 Invocations
 - Level 8.0 Evocations


You had 22 spell levels left.
You didn't know any spells.

Dungeon Overview and Level Annotations

Branches:
Dungeon (15/15)            Temple (1/1) D:7            Lair (6/6) D:11
 Shoals (4/4) Lair:3        Snake (4/4) Lair:4        Slime (0/5) Lair:6
    Orc (2/2) D:11            Elf (3/3) Orc:2        Vaults (5/5) D:14
  Crypt (0/3) Vaults:2     Depths (0/5) D:15

Altars:
Ashenzari
Cheibriados
Dithmenos
Elyvilon
Fedhas
Gozag
Hepliaklqana
Kikubaaqudgha
Makhleb
Nemelex Xobeh
Okawaru
Qazlal
Ru
Sif Muna
Trog
Uskayaw
Vehumet
Xom
Yredelemnul
Zin
The Shining One
Beogh
Jiyva

Shops:
Orc:2 [([%*   Elf:1 [*?:[   Shoals:4 *   Snake:1 =}}   Vaults:1 (   Vaults:3 =

Annotations:
Vaults:5 Saint Roka


Innate Abilities, Weirdness & Mutations

You are resistant to torment.
Your stone body is resilient. (AC +17)
You are immune to poison.
Your large and strong wings let you fly indefinitely.
You resist negative energy. (rN+)
You are resistant to electric shocks. (rElec)
You can survive without breathing.
You are immune to petrification.
You are immune to rotting.
You have a pair of small antennae on your head.
You have a beak for a mouth.
You are partially covered in iridescent scales. (AC +2)
You have supernaturally acute eyesight. (SInv)
Your body sometimes deteriorates upon taking damage.
You have an increased reservoir of magic. (+10% MP)
You are occasionally teleported next to monsters.
You are weak. (Str -2)
You evolve.
Potions and wands are less effective at restoring your health.


Message History

The ironheart preserver mumbles some strange words.
The ironheart preserver begins to accept its allies' injuries.
You block the deep elf elementalist's attack.
A titan comes into view.
You block the deep elf elementalist's attack.
The deep elf death mage beckons forth a restless soul!
You block the deep elf elementalist's attack.
The titan waves its arms in wide circles.
The air twists around and strikes you!
* * * LOW HITPOINT WARNING * * *
The deep elf elementalist casts a spell at you.
The fireball explodes!
The fireball engulfs you!
Blink to where?
Press: ? - help, Dir - move target cursor
As you read the scroll of blinking, it crumbles to dust.
The deep elf elementalist gestures wildly while chanting.
The deep elf elementalist seems to speed up.
The deep elf elementalist gestures at you while chanting.
The fireball explodes!
The fireball engulfs you!
You die...

###############
...............
...............
#############........###
.'............e.........
###.o.........#....#....
#$##.......e..#....# .
)$}##.....p...#....#
....###..p....#.@..#
...(. #'p)....#....#
o(....C'#.....#....#
....C.e.###...#....#
.....*... ##.u#....#
o.?...... #e#....#
.|....... '#....#
?......e.. #....#
........


You could see a deep elf elementalist.

Vanquished Creatures
  Mara (Elf:3)
  Boris (Vaults:3)
  Bai Suzhen (Snake:3)
  Nikola (Shoals:1)
  The ghost of Peloso the Hoplite, an adept MiFi of Okawaru (Elf:2)
  The ghost of coldbreeze the Executioner, an adept HOGl of Makhleb (Elf:3)
  Rupert (D:13)
  A deep elf blademaster (Elf:3)
  2 titans
  Polyphemus (Shoals:4)
  Frances (Shoals:1)
  The ghost of yann the Executioner, an adept MiFi of Trog (Shoals:4)
  3 storm dragons
  Donald (Orc:2)
  Ilsuiw (Shoals:4)
  14 nagarajas (Snake:4)
  A fire giant (Vaults:3)
  Aizul (Shoals:1)
  3 frost giants
  2 deep elf sorcerers
  An orc warlord (Orc:2)
  Louise (Shoals:2)
  A ghoul (Vaults:3)
  18 ironheart preservers
  17 vault wardens
  A reaper (IceCv)
  3 deep elf elementalists (Elf:3)
  5 very ugly things
  A curse skull (Vaults:2)
  3 stone giants
  9 deep elf demonologists
  9 deep elf annihilators
  7 deep elf death magi
  6 ettins
  3 merfolk javelineers (Shoals:4)
  13 merfolk impalers
  2 deep elf high priests (Elf:3)
  Josephine (D:12)
  12 ogre magi
  9 yaktaur captains
  3 fire dragons
  37 vault guards
  An ice dragon (Vaults:3)
  4 rakshasas
  A great orb of eyes (Vaults:3)
  A catoblepas (Shoals:4)
  7 hydras
  2 alligator snapping turtles
  5 merfolk avatars
  8 centaur warriors
  9 anacondas
  A deep troll shaman (Vaults:2)
  4 merfolk aquamancers (Shoals:4)
  5 death knights
  29 naga warriors
  Erica (D:9)
  2 satyrs
  3 tengu warriors (D:14)
  17 death yaks
  28 dancing weapons
  3 deep troll earth magi
  6 shock serpents
  A vampire mage (Vaults:2)
  An orc high priest (Orc:2)
  18 naga sharpshooters
  3 thrashing horrors
  23 deep elf knights
  Nergalle (D:10)
  A shadow wraith (Vaults:2)
  A skeletal warrior (Vaults:2)
  2 salamander mystics (Snake:4)
  6 unseen horrors
  A hell knight (Vaults:1)
  8 wizards
  10 sea snakes
  A storm dragon skeleton (Vaults:4)
  A flayed ghost (Vaults:4)
  2 glowing orange brains
  8 deep trolls
  A tengu zombie (Vaults:3)
  9 deep elf archers
  A swamp dragon (shapeshifter) (Elf:2)
  18 ironbrand convokers
  Pikel (D:8)
  A lindwurm (Lair:6)
  5 necromancers
  2 phantasmal warriors (Vaults:4)
  An orange crystal statue (Vaults:2)
  4 naga ritualists
  5 harpies
  9 hill giants
  13 orc knights
  A harpy (shapeshifter) (Vaults:4)
  23 ugly things
  9 salamanders
  6 orc sorcerers
  4 wolf spiders
  7 mana vipers
  3 fire giant zombies
  2 cyclopes
  70 deep elf magi
  An oklob plant (D:14)
  A tengu skeleton (Vaults:4)
  27 slime creatures
  8 manticores
  A shadow dragon skeleton (Vaults:4)
  3 fauns (Shoals:4)
  A centaur zombie (D:14)
  16 elephants
  13 sirens
  A frost giant skeleton (Vaults:3)
  9 water nymphs
  Psyche (D:8)
  6 guardian serpents
  17 naga magi
  An eye of devastation (shapeshifter) (D:13)
  12 vault sentinels
  2 ice statues (IceCv)
  32 black mambas
  5 molten gargoyles
  A gargoyle (D:15)
  A storm dragon simulacrum (Vaults:3)
  6 spiny frogs
  A spiny frog (shapeshifter) (D:13)
  2 rime drakes (Orc:2)
  2 kobold demonologists
  19 yaktaurs
  5 freezing wraiths
  A rime drake (shapeshifter) (Vaults:1)
  7 komodo dragons
  A queen bee (shapeshifter) (Vaults:3)
  8 ice devils (IceCv)
  4 meliai
  Grinder (D:3)
  A tengu simulacrum (Vaults:4)
  5 trolls
  5 wind drakes
  The ghost of tschems the Chopper, an amateur HuFi (D:3)
  4 hornets
  24 two-headed ogres
  20 merfolk
  A fire giant simulacrum (Vaults:4)
  2 human simulacra (Vaults:4)
  A meliai zombie (D:15)
  12 blink frogs
  5 snapping turtles
  14 hippogriffs
  A shadow (D:13)
  Sigmund (D:2)
  41 yaks
  An air elemental (Elf:1)
  7 water elementals
  6 wyverns
  3 hogs (D:7)
  A vampire (D:13)
  9 wraiths
  3 fire bats (Lair:5)
  2 fire elementals
  5 basilisks
  A human (D:7)
  A golden eye (shapeshifter) (Vaults:4)
  2 hungry ghosts
  A steam dragon (Lair:6)
  5 wargs
  5 mottled dragons
  70 nagas
  2 soldier ants
  4 hell hounds (Lair:6)
  12 porcupines
  13 water moccasins
  3 human zombies
  43 orc warriors
  57 ogres
  A sky beast (D:11)
  7 ice beasts
  6 boggarts
  5 phantoms
  4 black bears
  6 wolves (Lair:4)
  11 centaurs
  20 crocodiles
  A big kobold (D:9)
  10 bullfrogs
  4 human skeletons
  4 earth elementals
  2 scorpions
  5 wights (D:13)
  6 electric eels
  6 howler monkeys
  4 crimson imps
  A bullfrog zombie (D:12)
  11 lava snakes
  10 hounds
  7 starcursed masses
  5 jellies
  8 centaur skeletons
  Crazy Yiuf (D:2)
  24 orc priests
  A bullfrog skeleton (D:9)
  Jessica (D:2)
  4 iguanas
  5 worker ants
  30 orc wizards
  5 hell rats (Lair:6)
  A hound zombie (D:5)
  A mummy (D:7)
  2 worker ant zombies
  14 adders
  4 gnolls
  A river rat (Sewer)
  2 shadow imps
  9 white imps (IceCv)
  5 ufetubi (IceCv)
  An adder skeleton (D:6)
  4 worms
  A dart slug (D:1)
  8 leopard geckos
  139 orcs
  10 giant cockroaches
  7 goblins
  4 hobgoblins
  6 jackals
  A quokka (D:2)
  7 ball pythons
  A ball python skeleton (D:4)
  13 bats
  5 frilled lizards
  22 kobolds
  A leopard gecko skeleton (D:5)
  28 rats
  A spectral orc (D:7)
  A crawling corpse (Vaults:5)
1745 creatures vanquished.

Vanquished Creatures (others)
  Vashnia (Snake:2)
  2 deep elf master archers (Elf:3)
  A nagaraja (Snake:4)
  2 stone giants (Vaults:4)
  A merfolk javelineer (Shoals:4)
  A yaktaur captain (Vaults:5)
  A naga warrior (Snake:4)
  A dancing weapon (Elf:3)
  A satyr (Shoals:4)
  A shock serpent (Snake:4)
  11 naga sharpshooters
  An unseen horror (Vaults:1)
  An ironbrand convoker (Vaults:5)
  3 deep elf archers
  5 deep elf magi
  A cyclops (D:15)
  2 fauns (Shoals:3)
  A siren (Shoals:4)
  A vault sentinel (Vaults:1)
  A guardian serpent (Snake:4)
  2 naga magi
  5 yaktaurs
  A merfolk (Shoals:1)
  A naga (Snake:4)
  A hell hound (Lair:6)
  A slave (D:8)
  An ogre (Vaults:5)
  3 boggarts
  A centaur (Shoals:3)
  An orc wizard (Vaults:5)
  3 white imps (IceCv)
  4 ufetubi (IceCv)
  5 orcs
  2 fungi
  7 plants
77 creatures vanquished.

Grand Total: 1822 creatures vanquished

Notes
Turn   | Place    | Note
-------+----------+-------------------------------------------
     0 | D:1      | Vetiran the Gargoyle Fighter began the quest for the Orb.
     0 | D:1      | Reached XP level 1. HP: 14/14 MP: 1/1
    80 | D:1      | Reached XP level 2. HP: 17/19 MP: 2/2
   291 | D:1      | Reached XP level 3. HP: 23/23 MP: 3/3
   626 | D:2      | Noticed Jessica
   639 | D:2      | Found a faded altar of an unknown god.
   639 | D:2      | Found a faded altar of an unknown god.
   644 | D:2      | Found a faded altar of an unknown god.
   655 | D:2      | Killed Jessica
   655 | D:2      | Reached XP level 4. HP: 22/28 MP: 4/4
   658 | D:2      | Found a hide-covered altar of Uskayaw.
   659 | D:2      | Found a faded altar of an unknown god.
   700 | D:2      | Found a runed door.
   704 | D:2      | Noticed Crazy Yiuf
   716 | D:2      | Killed Crazy Yiuf
   978 | D:2      | Noticed Sigmund
  1076 | D:3      | Reached XP level 5. HP: 33/33 MP: 5/5
  1205 | D:2      | Gained mutation: Scrolls take you a little longer to read. [potion of mutation]
  1205 | D:2      | Gained mutation: You are partially covered in thin metallic scales. (AC +2) [potion of mutation]
  1205 | D:2      | Gained mutation: Your magical capacity is low. (-10% MP) [potion of mutation]
  1207 | D:2      | Lost mutation: Your magical capacity is low. (-10% MP) [potion of cure mutation]
  1207 | D:2      | Lost mutation: Scrolls take you a little longer to read. [potion of cure mutation]
  1238 | D:2      | Killed Sigmund
  1238 | D:2      | Reached skill level 5 in Armour
  1238 | D:2      | Reached skill level 5 in Shields
  1238 | D:2      | Reached XP level 6. HP: 21/38 MP: 6/6
  1440 | D:3      | Found an iron altar of Okawaru.
  1454 | D:3      | Became a worshipper of Warmaster Okawaru
  1504 | D:3      | Found a white marble altar of Elyvilon.
  1596 | D:3      | Noticed tschems's ghost (amateur HuFi)
  1603 | D:3      | Found a glowing drain.
  1617 | D:3      | Killed tschems's ghost
  1617 | D:3      | Reached XP level 7. HP: 26/44 MP: 7/7
  1646 | Sewer    | Entered a sewer
  2191 | D:3      | Noticed Grinder
  2211 | D:3      | Killed Grinder
  2211 | D:3      | Reached * piety under Okawaru
  2408 | D:4      | Reached skill level 5 in Fighting
  2408 | D:4      | Reached XP level 8. HP: 33/49 MP: 8/8
  2538 | D:4      | Found a sparkling altar of Nemelex Xobeh.
  2936 | D:5      | Entered Level 5 of the Dungeon
  3420 | D:5      | Reached ** piety under Okawaru
  4060 | D:6      | Reached XP level 9. HP: 42/54 MP: 9/9
  4329 | D:6      | Found a stormy altar of Qazlal.
  4697 | D:7      | Found a staircase to the Ecumenical Temple.
  4732 | D:7      | Reached *** piety under Okawaru
  4742 | Temple   | Entered the Ecumenical Temple
  4787 | D:7      | Reached skill level 5 in Maces & Flails
  5000 | D:7      | Found a glowing silver altar of Zin.
  5063 | D:7      | Reached **** piety under Okawaru
  5063 | D:7      | Reached XP level 10. HP: 56/61 MP: 10/10
  5079 | D:7      | Found a basalt altar of Yredelemnul.
  5175 | D:7      | Got a pair of ancient gloves
  5186 | D:7      | Identified the cursed -4 pair of gloves "Waigg" {SInv} (You found it on level 7 of the Dungeon)
  5202 | D:7      | Found a snail-covered altar of Cheibriados.
  5252 | D:8      | Noticed Psyche
  5280 | D:8      | Noticed Pikel
  5313 | D:8      | Killed Pikel
  5313 | D:8      | Reached skill level 10 in Armour
  5412 | D:8      | Reached skill level 10 in Shields
  5446 | D:8      | Noticed a manticore
  5462 | D:8      | Killed a manticore
  5560 | D:8      | Reached ***** piety under Okawaru
  5560 | D:8      | Reached skill level 1 in Invocations
  5598 | D:8      | Killed Psyche
  5598 | D:8      | Reached skill level 1 in Evocations
  6039 | D:9      | Found a sacrificial altar of Ru.
  6280 | D:9      | Got a translucent leather armour
  6291 | D:9      | Identified the cursed +0 leather armour "Elilinem" {rF+ Int+3} (You found it on level 9 of the Dungeon)
  6346 | D:9      | Noticed Erica
  6364 | D:9      | Killed Erica
  6364 | D:9      | Reached XP level 11. HP: 52/67 MP: 12/12
  6744 | D:10     | Entered Level 10 of the Dungeon
  6744 | D:10     | Noticed an unseen horror
  6768 | D:10     | Killed an unseen horror
  6807 | D:10     | Noticed Nergalle
  6833 | D:10     | Noticed a spectral orc warlord
  6841 | D:10     | Killed Nergalle
  6852 | D:10     | Noticed an unseen horror
  6888 | D:10     | Killed an unseen horror
  6888 | D:10     | Received a gift from Okawaru
  6891 | D:10     | Got an ancient scimitar {god gift}
  6892 | D:10     | Identified the +8 scimitar "Xoihutei" {drain, MR++} (Okawaru gifted it to you on level 10 of the Dungeon)
  7045 | D:10     | Reached ****** piety under Okawaru
  7082 | D:10     | Found a shimmering altar of Xom.
  7476 | D:11     | Noticed an unseen horror
  7499 | D:11     | Killed an unseen horror
  7737 | D:11     | Found a staircase to the Lair.
  7739 | D:11     | Noticed a hill giant
  7864 | D:11     | Killed a hill giant
  7864 | D:11     | Received a gift from Okawaru
  7872 | D:11     | Reached XP level 12. HP: 49/74 MP: 13/15
  8230 | D:11     | Found a staircase to the Orcish Mines.
  8698 | D:12     | Noticed Josephine
  8723 | D:12     | Killed Josephine
  8733 | D:12     | Reached skill level 5 in Invocations
  8892 | Lair:1   | Entered Level 1 of the Lair of Beasts
  9388 | Lair:2   | Reached skill level 5 in Evocations
  9413 | Lair:2   | Received a gift from Okawaru
  9420 | Lair:2   | Got a crystal battleaxe {god gift}
  9545 | Lair:2   | Reached XP level 13. HP: 72/80 MP: 17/17
 10246 | Lair:3   | Found a staircase to the Shoals.
 10703 | Lair:4   | You fall through a shaft!
 10752 | Lair:4   | Found a staircase to the Snake Pit.
 10774 | Lair:4   | Received a gift from Okawaru
 11520 | Lair:5   | Received a gift from Okawaru
 11525 | Lair:5   | Reached skill level 10 in Fighting
 11525 | Lair:5   | Gained mutation: Your large and strong wings let you fly indefinitely. [Gargoyle growth]
 11525 | Lair:5   | Reached XP level 14. HP: 47/88 MP: 8/19
 11661 | Lair:6   | Entered Level 6 of the Lair of Beasts
 11894 | Lair:6   | Received a gift from Okawaru
 12075 | Lair:6   | Found a viscous altar of Jiyva.
 12076 | Lair:6   | Found a staircase to the Slime Pits.
 12514 | Lair:6   | Found a large runed door.
 12517 | Lair:6   | Found a large runed door.
 12979 | Lair:6   | Reached skill level 15 in Armour
 13129 | Lair:6   | Reached skill level 15 in Shields
 13143 | Lair:6   | Received a gift from Okawaru
 13359 | Orc:1    | Entered Level 1 of the Orcish Mines
 13640 | Orc:1    | Reached skill level 10 in Maces & Flails
 13752 | Orc:1    | Reached XP level 15. HP: 48/94 MP: 19/21
 13912 | Orc:2    | Entered Level 2 of the Orcish Mines
 13932 | Orc:2    | Noticed Donald
 13970 | Orc:2    | Killed Donald
 14026 | Orc:2    | Found a roughly hewn altar of Beogh.
 14045 | Orc:2    | Found a staircase to the Elven Halls.
 14066 | Orc:2    | Found a roughly hewn altar of Beogh.
 14127 | Orc:2    | Noticed an orc warlord
 14163 | Orc:2    | Killed an orc warlord
 14261 | Orc:2    | Found Effiv's Antique Weapon Shop.
 14273 | Orc:2    | Found a roughly hewn altar of Beogh.
 14276 | Orc:2    | Found Epeusuch's Antique Armour Boutique.
 14315 | Orc:2    | Found a frozen archway.
 14320 | Orc:2    | Received a gift from Okawaru
 14326 | IceCv    | Entered an ice cave
 14856 | Orc:2    | Found a roughly hewn altar of Beogh.
 14871 | Orc:2    | Found Naciskue's Armour Shoppe.
 14930 | Orc:2    | Bought a shimmering cloak for 285 gold pieces
 14940 | Orc:2    | Identified the +0 cloak of Generosity {*Slow rElec rN+++ Dex-2} (You bought it in a shop on level 2 of the Orcish Mines)
 15003 | Orc:2    | Found a roughly hewn altar of Beogh.
 15035 | Orc:2    | Found Zivabrut's Food Shoppe.
 15083 | Orc:2    | Found a roughly hewn altar of Beogh.
 15144 | Orc:2    | Found a roughly hewn altar of Beogh.
 15145 | Orc:2    | Found Caingijots's Assorted Antiques.
 15177 | Orc:2    | Bought a scroll of identify for 64 gold pieces
 15177 | Orc:2    | Bought a scroll of identify for 64 gold pieces
 15581 | D:13     | Noticed Rupert
 15610 | D:13     | Killed Rupert
 15610 | D:13     | Received a gift from Okawaru
 15899 | D:13     | Gained mutation: You are frail. (-10% HP) [mutagenic meat]
 16092 | D:13     | Gained mutation: You have an increased reservoir of magic. (+10% MP) [mutagenic meat]
 16093 | D:13     | Gained mutation: You are occasionally teleported next to monsters. [mutagenic meat]
 16252 | D:13     | Gained mutation: Your mind is acute. (Int +2) [mutagenic meat]
 16384 | D:14     | Gained mutation: Your body sometimes deteriorates upon taking damage. [mutagenic meat]
 16386 | D:14     | Gained mutation: You tend to lose your temper in combat. [mutagenic meat]
 16391 | D:14     | Gained mutation: Your muscles are strong. (Str +2) [mutagenic meat]
 16392 | D:14     | Gained mutation: You have large cloven feet. [mutagenic meat]
 16847 | D:14     | Found a gate to the Vaults.
 17203 | D:14     | Found a sparkling altar of Nemelex Xobeh.
 17226 | D:14     | Reached XP level 16. HP: 85/90 MP: 24/24
 17296 | D:15     | Entered Level 15 of the Dungeon
 17429 | D:15     | Found a staircase to the Depths.
 17543 | D:15     | Gained mutation: You are surrounded by a mild repulsion field. (EV +2) [mutagenic meat]
 17545 | D:15     | Lost mutation: Your mind is acute. (Int +2) [mutagenic meat]
 17549 | D:15     | Lost mutation: You have an increased reservoir of magic. (+10% MP) [mutagenic meat]
 17550 | D:15     | Lost mutation: You tend to lose your temper in combat. [mutagenic meat]
 18242 | Snake:1  | Entered Level 1 of the Snake Pit
 18286 | Snake:1  | Received a gift from Okawaru
 18315 | Snake:1  | Got a bloodstained cloak {god gift}
 18321 | Snake:1  | Identified the +2 cloak of the Ward {+Blink Regen+ rCorr} (Okawaru gifted it to you on level 1 of the Snake Pit)
 18637 | Snake:1  | Found Qumilyim's Jewellery Boutique.
 18637 | Snake:1  | Found Teozxyth's Gadget Shoppe.
 18638 | Snake:1  | Found Ebaikkua's Gadget Shoppe.
 19011 | Snake:2  | Noticed Vashnia
 19055 | Snake:2  | Killed Vashnia
 19636 | Snake:3  | Reached XP level 17. HP: 96/97 MP: 23/23
 19848 | Snake:3  | Received a gift from Okawaru
 20138 | Snake:4  | Entered Level 4 of the Snake Pit
 20701 | Snake:4  | Received a gift from Okawaru
 20877 | Snake:4  | Noticed Bai Suzhen
 21004 | Snake:3  | Killed Bai Suzhen
 21195 | Snake:4  | Received a gift from Okawaru
 21425 | Snake:4  | Reached XP level 18. HP: 71/103 MP: 24/24
 21984 | Snake:4  | Got a serpentine rune of Zot
 22085 | Snake:4  | Received a gift from Okawaru
 22120 | Snake:4  | Got an ancient mace {god gift}
 22121 | Snake:4  | Identified the +0 mace of Zoniq {crush, *Corrode Dex+5} (Okawaru gifted it to you on level 4 of the Snake Pit)
 22590 | Snake:4  | Received a gift from Okawaru
 22743 | Snake:4  | Lost mutation: You are partially covered in thin metallic scales. (AC +2) [mutagenic meat]
 22744 | Snake:4  | Lost mutation: You are frail. (-10% HP) [mutagenic meat]
 22745 | Snake:4  | Gained mutation: Your mind is acute. (Int +2) [mutagenic meat]
 22746 | Snake:4  | Gained mutation: You possess an exceptional clarity of mind. [mutagenic meat]
 22891 | Shoals:1 | Entered Level 1 of the Shoals
 22895 | Shoals:1 | Noticed Nikola
 22917 | Shoals:1 | Killed Nikola
 22974 | Shoals:1 | Noticed Frances
 22996 | Shoals:1 | Killed Frances
 23145 | Shoals:1 | Noticed Aizul
 23207 | Shoals:1 | Killed Aizul
 23212 | Shoals:1 | Gained mutation: You evolve. [mutagenic meat]
 23214 | Shoals:1 | Lost mutation: You possess an exceptional clarity of mind. [mutagenic meat]
 23215 | Shoals:1 | Gained mutation: Potions and wands are less effective at restoring your health. [mutagenic meat]
 23435 | Shoals:1 | Received a gift from Okawaru
 23618 | Shoals:2 | Noticed Louise
 23662 | Shoals:2 | Killed Louise
 23662 | Shoals:2 | Reached XP level 19. HP: 116/122 MP: 25/25
 23797 | Shoals:2 | Received a gift from Okawaru
 24580 | Shoals:4 | Entered Level 4 of the Shoals
 24633 | Shoals:4 | Noticed Polyphemus
 24689 | Shoals:4 | Killed Polyphemus
 25016 | Shoals:4 | Received a gift from Okawaru
 25215 | Shoals:4 | Got a fine hand crossbow {god gift}
 25216 | Shoals:4 | Identified the +2 hand crossbow "Wewesch" {freeze, rPois rC+ Str+3 Stlth-} (Okawaru gifted it to you on level 4 of the Shoals)
 25240 | Shoals:4 | Got a barnacled rune of Zot
 25251 | Shoals:4 | Noticed yann's ghost (adept MiFi)
 25307 | Shoals:4 | Killed yann's ghost
 25498 | Shoals:4 | Noticed Ilsuiw
 25680 | Shoals:4 | Killed Ilsuiw
 25761 | Shoals:4 | Found Vopaesch's Assorted Antiques.
 25832 | Shoals:4 | Bought a scroll of identify for 64 gold pieces
 25881 | Shoals:4 | Received a gift from Okawaru
 25887 | Shoals:4 | Got a bloodstained scale mail {god gift}
 25898 | Shoals:4 | Identified the +2 scale mail of Inaction {rC+++ rCorr Str-3 Stlth-} (Okawaru gifted it to you on level 4 of the Shoals)
 26216 | Elf:1    | Entered Level 1 of the Elven Halls
 26234 | Orc:2    | Reached skill level 15 in Fighting
 26502 | Elf:1    | Noticed a Brimstone Fiend
 26661 | Elf:1    | Reached XP level 20. HP: 64/129 MP: 26/26
 26779 | Elf:1    | Identified the Volume of Calling
 26804 | Elf:1    | Found Bitagem's Armour Shoppe.
 26811 | Elf:1    | Found Adut's Book Emporium.
 26956 | Elf:1    | Identified Oshrineom's Tome of Combed Thunderclap
 26960 | Elf:1    | Found Qooph's Magic Scroll Emporium.
 26969 | Elf:1    | Bought a scroll of blinking for 105 gold pieces
 26969 | Elf:1    | Bought a scroll of identify for 28 gold pieces
 27101 | Elf:1    | Found Oddu's General Store.
 27116 | Elf:1    | Bought a scroll of identify for 26 gold pieces
 27116 | Elf:1    | Bought a scroll of identify for 26 gold pieces
 27116 | Elf:1    | Bought a scroll of fear for 45 gold pieces
 27122 | Elf:1    | Found Bink's Antique Armour Emporium.
 27372 | Elf:2    | Found a runed gate.
 27372 | Elf:2    | Found a runed gate.
 27372 | Elf:2    | Found a runed gate.
 27429 | Elf:2    | Gained mutation: You are partially covered in iridescent scales. (AC +2) [evolution]
 27572 | Elf:2    | Received a gift from Okawaru
 27591 | Elf:2    | Noticed Peloso's ghost (adept MiFi)
 27695 | Elf:2    | Killed Peloso's ghost
 28004 | Elf:2    | Got a transparent chain mail
 28015 | Elf:2    | Identified the +3 chain mail of Pessimism {rPois rF- Int+3 Stlth+} (You found it on level 2 of the Elven Halls)
 28402 | Elf:2    | Cast into level 2 of the Abyss (executioner's axe of distortion)
 28452 | Abyss:2  | Paralysed by accursed screaming for 1 turns
 28461 | Abyss:2  | Paralysed by accursed screaming for 1 turns
 28464 | Abyss:2  | Paralysed by accursed screaming for 1 turns
 28520 | Abyss:2  | HP: 3/130 [starcursed mass/accursed screaming (12)]
 28529 | Abyss:2  | Paralysed by accursed screaming for 1 turns
 28531 | Abyss:2  | HP: 4/130 [starcursed mass/accursed screaming (8)]
 28532 | Elf:2    | Escaped the Abyss
 28896 | Elf:3    | Entered Level 3 of the Elven Halls
 28946 | Elf:2    | Lost mutation: You have large cloven feet. [potion of cure mutation]
 28946 | Elf:2    | Lost mutation: Your muscles are strong. (Str +2) [potion of cure mutation]
 28946 | Elf:2    | Lost mutation: Your body sometimes deteriorates upon taking damage. [potion of cure mutation]
 29051 | Elf:3    | Noticed coldbreeze's ghost (adept HOGl)
 29161 | Elf:3    | HP: 2/131 [coldbreeze's ghost (20)]
 29523 | Elf:3    | Killed coldbreeze's ghost
 29666 | Elf:3    | Noticed Mara
 29698 | Elf:3    | Noticed Vetiran's illusion
 29830 | Elf:3    | Noticed Vetiran's illusion
 30015 | Elf:3    | Killed Mara
 30202 | Elf:3    | Received a gift from Okawaru
 30342 | Elf:3    | Reached XP level 21. HP: 136/136 MP: 27/27
 30444 | Elf:3    | Received a gift from Okawaru
 30498 | Elf:3    | Got a jewelled chain mail {god gift}
 30509 | Elf:3    | Identified the +4 chain mail of Lifi {+Blink MR+ Regen+ Str+6} (Okawaru gifted it to you on level 3 of the Elven Halls)
 30864 | Elf:3    | Got a flickering wooden ring
 30870 | Elf:3    | Identified the ring "Cosaujarr" {rN+ MR+ Str+4} (You took it off a deep elf annihilator on level 3 of the Elven Halls)
 30876 | Elf:3    | Identified a scroll of acquirement
 30878 | Elf:3    | Got a scorched helmet
 30889 | Elf:3    | Identified the +0 helmet "Miurphei" {rN+ MR+ Dex-3} (You acquired it on level 3 of the Elven Halls)
 30929 | Elf:3    | Identified the Disquisition on Hexes and Flight
 30966 | Elf:3    | Got a pitted arbalest
 31296 | Vaults:1 | Entered Level 1 of the Vaults
 31441 | Vaults:1 | Reached skill level 15 in Maces & Flails
 31789 | Vaults:1 | Received a gift from Okawaru
 32020 | Vaults:1 | Gained mutation: You are agile. (Dex +2) [mutagenic meat]
 32021 | Vaults:1 | Gained mutation: You have supernaturally acute eyesight. (SInv) [mutagenic meat]
 32025 | Vaults:1 | Gained mutation: You are weak. (Str -2) [mutagenic meat]
 32507 | Vaults:1 | Received a gift from Okawaru
 32719 | Vaults:1 | Found Kysiedgh's Weapon Boutique.
 32930 | Vaults:1 | Reached XP level 22. HP: 144/144 MP: 28/28
 33067 | Vaults:1 | Lost mutation: You are agile. (Dex +2) [mutagenic meat]
 33068 | Vaults:1 | Lost mutation: Your mind is acute. (Int +2) [mutagenic meat]
 33069 | Vaults:1 | Lost mutation: You are surrounded by a mild repulsion field. (EV +2) [mutagenic meat]
 33696 | Vaults:2 | Found a staircase to the Crypt.
 34580 | Vaults:2 | Found a gateway to a bazaar.
 34597 | Bazaar   | Entered a bazaar
 34631 | Bazaar   | Found Guehell's Weapon Emporium.
 34631 | Bazaar   | Found Buarut's Weapon Shoppe.
 34645 | Bazaar   | Gained mutation: You have a pair of small antennae on your head. [evolution]
 34686 | Bazaar   | Found Etuakam's Food Emporium.
 34686 | Bazaar   | Found Qicuxeah's Jewellery Shoppe.
 34708 | Bazaar   | Found Fuomnaho's Armour Emporium.
 34827 | Vaults:3 | Found Vimoat's Jewellery Shoppe.
 34881 | Vaults:3 | Received a gift from Okawaru
 35083 | Vaults:3 | Noticed Boris
 35110 | Vaults:3 | Killed Boris
 35473 | Vaults:3 | Gained mutation: You are resistant to hostile enchantments. (MR+) [mutagenic meat]
 36455 | Vaults:3 | Gained mutation: You expend magic power (3 MP) to strengthen your wands. [mutagenic meat]
 36456 | Vaults:3 | Gained mutation: Your body sometimes deteriorates upon taking damage. [mutagenic meat]
 36460 | Vaults:3 | Lost mutation: You are resistant to hostile enchantments. (MR+) [mutagenic meat]
 36461 | Vaults:3 | Gained mutation: You have an increased reservoir of magic. (+10% MP) [mutagenic meat]
 36462 | Vaults:3 | Gained mutation: You have a beak for a mouth. [mutagenic meat]
 36855 | Vaults:4 | Reached XP level 23. HP: 121/150 MP: 27/31
 36872 | Vaults:4 | Received a gift from Okawaru
 38028 | Vaults:4 | Lost mutation: You expend magic power (3 MP) to strengthen your wands. [evolution]
 38432 | Vaults:5 | Entered Level 5 of the Vaults
 38482 | Vaults:4 | Received a gift from Okawaru
 38915 | Vaults:5 | Noticed Saint Roka
 38923 | Vaults:5 | Noticed a golden dragon
 39206 | Vaults:5 | Killed from afar by a deep elf elementalist

Skill      XL: |  1  2  3  4  5  6  7  8  9 10 11 12 13 14 15 16 17 18 19 20 21 22 23 |
---------------+----------------------------------------------------------------------+-----
Shields        | 4 5 6 7 9 10 11 12 14 15 16 17 18 19 20 21 22 23 | 23.5
Armour         | 4 5 6 8 9 11 12 13 14 15 16 17 18 19 20 21 22 23 | 23.7
Fighting       | 4 5 6 7 8 9 10 11 12 13 14 15 16 17 | 17.8
Maces & Flails | 3 4 5 6 7 8 9 10 11 12 13 14 15 16 | 16.6
Invocations    | 2 4 5 7 8 |  8.0
Evocations     | 2 3 5 6 8 |  8.0

Action                   |  1- 3 |  4- 6 |  7- 9 | 10-12 | 13-15 | 16-18 | 19-21 | 22-24 || total
-------------------------+-------+-------+-------+-------+-------+-------+-------+-------++-------
Melee: Flail             |   121 |   163 |   659 |   471 |    29 |       |       |       ||  1443
       Scimitar          |       |       |       |   538 |  1760 |  1421 |   974 |       ||  4693
       Demon whip        |       |       |       |       |    94 |   892 |  2965 |  2477 ||  6428
       Peck              |       |       |       |       |       |       |       |   448 ||   448
Invok: Heroism           |       |       |       |     7 |    20 |    14 |    24 |     8 ||    73
       Finesse           |       |       |       |       |     8 |     5 |     8 |     6 ||    27
 Abil: Evoke Berserk Rag |       |       |       |     1 |       |       |       |       ||     1
       Fly               |       |       |       |       |     1 |     2 |       |       ||     3
       Stop Flying       |       |       |       |       |       |     2 |       |     1 ||     3
       Evoke Blink       |       |       |       |       |       |     3 |       |       ||     3
Evoke: Wand              |       |       |       |     4 |    12 |    10 |     4 |     4 ||    34
  Use: Scroll            |       |     3 |     4 |     9 |    10 |    14 |    18 |     3 ||    61
       Potion            |       |     5 |     1 |       |     7 |     8 |    17 |     5 ||    43
 Stab: Invisible         |       |       |       |     3 |       |       |       |    10 ||    13
       Confused          |       |       |       |     2 |     1 |       |       |       ||     3
       Paralysed         |       |       |       |     2 |       |       |       |       ||     2
       Petrified         |       |       |       |       |       |       |    17 |       ||    17
       Petrifying        |       |       |       |       |       |       |     6 |       ||     6
  Eat: Chunk             |       |     2 |    15 |    16 |    19 |    22 |    10 |    20 ||   104
       Fruit             |       |       |     9 |       |    20 |       |     5 |       ||    34
       Pizza             |       |       |     3 |     2 |     2 |     3 |     1 |       ||    11
       Beef jerky        |       |       |       |       |       |     9 |     1 |       ||    10
       Meat ration       |       |       |       |       |       |     1 |     5 |     5 ||    11
Armor: Scale mail        |    67 |   110 |   559 |   225 |       |       |       |       ||   961
       Skin              |       |       |       |     3 |       |       |       |       ||     3
       Plate armour      |       |       |       |   427 |  1484 |  1332 |  1154 |       ||  4397
       Chain mail        |       |       |       |       |       |       |   158 |   134 ||   292
       Crystal plate arm |       |       |       |       |       |       |       |   513 ||   513
Dodge: Dodged            |    46 |    45 |   338 |   298 |   577 |   554 |   543 |   212 ||  2613
Block: Shield            |    75 |    92 |   523 |   787 |  1471 |       |       |       ||  2948
       Large shield      |       |       |       |       |   554 |  3330 |  3593 |  2087 ||  9564
       Reflection        |       |       |       |       |    15 |   409 |   202 |    83 ||   709
       Rpst.: Scimitar   |       |       |       |    38 |   143 |    81 |    59 |       ||   321
